 Dungeon Crawl Stone Soup version 0.17.0 (webtiles) character file.

695 SirJodelstein the Stinger (level 7, 0/48 HPs)
             Began as a Demonspawn Venom Mage on Nov 7, 2015.
             Was a Believer of Dithmenos.
             Shot with an arrow by a centaur (9 damage)
             ... on level 6 of the Dungeon.
             The game lasted 00:52:55 (5311 turns).

SirJodelstein the Stinger (Demonspawn Venom Mage)   Turns: 5311, Time: 00:52:55

Health: 0/48       AC: 11    Str:  8    XL:     7   Next: 37%
Magic:  0/13       EV: 12    Int: 18    God:    Dithmenos [**....]
Gold:   378        SH:  0    Dex: 12    Spells: 4 memorised, 4 levels left

rFire  . . .     SeeInvis .     D - -1 trident (curse)
rCold  . . .     Clarity  .     a - +0 robe
rNeg   . . .     SustAt   .     (no shield)
rPois  .         Gourm    .     i - +1 hat
rElec  .         Spirit   .     y - +0 cloak
rCorr  .         Warding  .     (no gloves)
rMut   .         Stasis   .     (no boots)
MR     .....                    (no amulet)
Stlth  ++........               (no ring)
                                p - ring of wizardry

@: lethally poisoned (0 -> -1), wreathed by umbra, not resistant to hostile
enchantments, unstealthy
A: rough black scales 2, demonic guardian 1
a: Shadow Step, Renounce Religion


You were on level 6 of the Dungeon.
You worshipped Dithmenos.
Dithmenos was pleased with you.
You were not hungry.

You visited 1 branch of the dungeon, and saw 6 of its levels.
You also visited: Sewer.

You collected 378 gold pieces.

Inventory:

Hand Weapons
 D - a cursed -1 trident (weapon)
Armour
 a - a +0 robe (worn)
 i - a +1 hat (worn)
 y - a +0 cloak (worn)
Magical Staves
 e - an uncursed staff of energy
Jewellery
 l - an uncursed ring of fire
 p - a ring of wizardry (left hand)
Wands
 w - a wand of digging (17)
 x - a wand of flame (14)
Scrolls
 f - 6 scrolls of teleportation
 g - 4 scrolls of recharging {unknown}
 k - 2 scrolls of magic mapping {unknown}
 r - a scroll of amnesia {unknown}
 t - a scroll of fog {unknown}
 u - 2 scrolls of enchant armour {unknown}
 z - a scroll of silence {unknown}
Potions
 j - a potion of resistance
 m - a potion of brilliance
 o - 3 potions of agility
 q - 3 potions of curing {unknown}
 s - 2 potions of might
 v - a potion of invisibility {unknown}
 C - a potion of heal wounds
Books
 b - a Young Poisoner's Handbook

   Spells                             Type                      Level
   a - Sting                          Conjuration/Poison           1
   b - Cure Poison                    Poison                       2
   c - Mephitic Cloud                 Conjuration/Poison/Air       3
   d - Olgreb's Toxic Radiance        Poison                       4
   e - Venom Bolt                     Conjuration/Poison           5
 h - a book of Annihilations

   Spells                             Type                      Level
   a - Poison Arrow                   Conjuration/Poison           6
   b - Chain Lightning                Conjuration/Air              8
   c - Lehudib's Crystal Spear        Conjuration/Earth            8
   d - Glaciate                       Conjuration/Ice              9
   e - Fire Storm                     Conjuration/Fire             9
Comestibles
 c - 3 bread rations
 d - 2 meat rations
 n - 2 slices of pizza
 B - 2 chunks of flesh


   Skills:
 + Level 1.6 Fighting
 + Level 1.1 Staves
 + Level 2.3 Dodging
 - Level 1.7 Stealth
 + Level 4.0 Spellcasting
 * Level 4.1 Conjurations
 * Level 5.7 Poison Magic
 + Level 1.9 Evocations


You had 4 spell levels left.
You knew the following spells:

 Your Spells              Type           Power        Failure   Level  Hunger
a - Sting                 Conj/Pois      ###.         1%          1    None
b - Mephitic Cloud        Conj/Pois/Air  ###.....     6%          3    ###....
c - Cure Poison           Pois           ###.......   1%          2    ##.....
d - Olgreb's Toxic Radia  Pois           ###.....     7%          4    ####...


Dungeon Overview and Level Annotations

Branches:
Dungeon (6/15)             Temple (0/1) D:4

Altars:
Dithmenos
Elyvilon
Gozag
Makhleb
Nemelex Xobeh
Qazlal
The Shining One

Shops:
D:5 (

Annotations:
D:5 deszczowiec's ghost, novice MiBe


Innate Abilities, Weirdness & Mutations

You are mostly covered in rough black scales (AC +7, Dex -2).
A weak demonic guardian rushes to your aid.


Message History

The centaur seems less confused.
The centaur shoots an arrow.
The arrow hits you but does no damage.
The centaur shoots an arrow.
The arrow hits you.
* * * LOW HITPOINT WARNING * * *
You feel sick.
Casting: Sting
Confirm with . or Enter, or press ? or * to list all spells.
Aiming: Sting
Press: ? - help, Shift-Dir - straight line, f/p - centaur
Aim: a centaur, wielding a shortbow (heavily wounded, poisoned)
The sting hits the centaur.
The centaur looks even sicker.
The centaur is severely wounded.
You feel sick.
The centaur unwields an uncursed shortbow.
The centaur closely misses your iron imp.
The centaur wields an uncursed shortbow.
The centaur shoots an arrow.
The arrow hits your iron imp.
You feel sick.
The centaur shoots an arrow.
The arrow closely misses your iron imp. The arrow hits you!
You die...

#.#:....### #...# ..# .
#.........# #...# ..##..?
###...#...####...######.......
..............................
.#...#.......(...........##...
##.....................#.#
#......#.####...#######.#
#.#......# #...(5c# #
#.######## #..@##†## #.#
#.###.(.# ..# #.#≈≈...≈≈# ###
#.#≈.(♣..c# ##..........
....♣._.♣$..# #............(#
...#≈..♣..≈#..# .. ≈...≈≈#..#


You could see a centaur and a friendly iron imp.

Vanquished Creatures
  3 giant frogs
  A water moccasin skeleton (D:4)
  A giant frog skeleton (D:5)
  2 worker ants (D:5)
  An iguana (D:4)
  5 river rats (D:3)
  9 adders
  2 adder skeletons
  2 worms (D:3)
  6 giant geckos
  9 orcs
  4 bats
  5 giant cockroaches
  6 goblins
  5 hobgoblins
  6 kobolds
  3 quokkas
  7 ball pythons
  A giant gecko skeleton (D:4)
  11 giant newts
  A quokka zombie (D:3)
  8 rats
98 creatures vanquished.

Vanquished Creatures (collateral kills)
  Edmund (D:5)
  A giant frog zombie (D:5)
  A jackal skeleton (D:5)
3 creatures vanquished.

Grand Total: 101 creatures vanquished

Notes
Turn   | Place    | Note
--------------------------------------------------------------
     0 | D:1      | SirJodelstein the Demonspawn Venom Mage began the quest for the Orb.
     0 | D:1      | Reached XP level 1. HP: 13/13 MP: 3/3
   322 | D:1      | Gained mutation: You are partially covered in rough black scales (AC +4, Dex -1). [demonic ancestry]
   322 | D:1      | Reached XP level 2. HP: 19/19 MP: 3/5
   895 | D:2      | Found an opulent altar of Gozag.
  1044 | D:2      | Reached skill level 1 in Conjurations
  1192 | D:2      | Found a stormy altar of Qazlal.
  1192 | D:2      | Found a sparkling altar of Nemelex Xobeh.
  1194 | D:2      | Found a shadowy altar of Dithmenos.
  1217 | D:2      | Found a glowing golden altar of the Shining One.
  1221 | D:2      | Became a worshipper of Dithmenos the Shadowed
  1369 | D:2      | Found a burning altar of Makhleb.
  1597 | D:3      | Reached XP level 3. HP: 24/24 MP: 1/6
  1629 | D:3      | Learned a level 3 spell: Mephitic Cloud
  1717 | D:3      | Found a glowing drain.
  1749 | D:3      | Gained mutation: You are mostly covered in rough black scales (AC +7, Dex -2). [demonic ancestry]
  1749 | D:3      | Reached XP level 4. HP: 23/30 MP: 0/8
  1912 | Sewer    | Entered a sewer
  1916 | Sewer    | Learned a level 2 spell: Cure Poison
  2122 | Sewer    | Reached * piety under Dithmenos
  2240 | Sewer    | Noticed a giant frog
  2247 | Sewer    | Killed a giant frog
  2247 | Sewer    | Reached XP level 5. HP: 29/35 MP: 1/10
  2418 | D:3      | Reached skill level 5 in Poison Magic
  3328 | D:4      | Reached skill level 1 in Evocations
  3328 | D:4      | Gained mutation: A weak demonic guardian rushes to your aid. [demonic ancestry]
  3328 | D:4      | Reached XP level 6. HP: 15/41 MP: 11/11
  3995 | D:4      | Found a staircase to the Ecumenical Temple.
  4194 | D:5      | Entered Level 5 of the Dungeon
  4200 | D:5      | Learned a level 4 spell: Olgreb's Toxic Radiance
  4488 | D:5      | Noticed deszczowiec's ghost (novice MiBe)
  4511 | D:5      | Noticed Edmund
  4546 | D:5      | Killed Edmund
  4546 | D:5      | Reached skill level 1 in Fighting
  4546 | D:5      | Reached XP level 7. HP: 27/48 MP: 0/12
  4589 | D:4      | Reached skill level 1 in Staves
  4754 | D:5      | Found a shadowy altar of Dithmenos.
  4769 | D:5      | Reached ** piety under Dithmenos
  5113 | D:5      | Found Aloenn's Antique Weapon Shoppe.
  5287 | D:6      | Found a white marble altar of Elyvilon.
  5311 | D:6      | Shot with an arrow by a centaur

Action                   |  1- 3 |  4- 6 |  7- 9 || total
-------------------------+-------+-------+-------++-------
Melee: Unarmed           |    20 |    27 |       ||    47
       Staff             |       |    86 |    22 ||   108
       Trident           |       |       |     5 ||     5
 Cast: Sting             |    55 |   131 |    14 ||   200
       Mephitic Cloud    |       |     2 |     1 ||     3
       Cure Poison       |       |     4 |       ||     4
       Olgreb's Toxic Ra |       |     2 |     2 ||     4
Evoke: Staff of energy   |       |     9 |       ||     9
  Use: Scroll            |     1 |     6 |     2 ||     9
       Potion            |     4 |       |       ||     4
 Stab: Sleeping          |     1 |     1 |       ||     2
  Eat: Chunk             |     3 |     9 |       ||    12
       Bread ration      |       |       |     1 ||     1
       Beef jerky        |       |       |     1 ||     1
